 Dungeon Crawl Stone Soup version 0.30-a0-224-ge52a3cb02f (webtiles) character file.

Game seed: 423383541381546462

87 qw the Chopper (level 4, -3/28 HPs)
             Began as a Gargoyle Fighter on Oct 9, 2022.
             Slain by a gnoll
             ... wielding a +0 halberd
              (6 damage)
             ... on level 2 of the Dungeon.
             The game lasted 00:00:37 (1377 turns).

qw the Chopper (Gargoyle Fighter)                   Turns: 1377, Time: 00:00:38

Health: -3/28      AC: 11    Str: 22    XL:     4   Next: 51%
Magic:  4/4        EV:  9    Int:  8    God:
Gold:   176        SH:  4    Dex:  9    Spells: 3/3 levels left

rFire   + . .      SeeInvis .    i - +0 war axe (vamp)
rCold   . . .      Faith    .    c - +0 buckler
rNeg    + . .      Spirit   .    h - +1 scale mail {rF+}
rPois   inf        Reflect  .    (no helmet)
rElec   +          Harm     .    (no cloak)
rCorr   .          Rampage  .    (no gloves)
Will    .....                    (no boots)
Stlth   ..........               (no amulet)
HPRegen 0.24/turn                (no ring)
MPRegen 0.09/turn                (no ring)

@: no status effects
A: sickness immunity, AC +3, negative energy resistance 1, electricity
resistance, torment resistance 1, petrification resistance
a: no special abilities


You were on level 2 of the Dungeon.
You visited 1 branch of the dungeon, and saw 2 of its levels.

You collected 176 gold pieces.


Innate Abilities, Weirdness & Mutations

You are immune to sickness and miasma.
Your stone body is resilient. (AC +3)
You are immune to poison.
You resist negative energy. (rN+)
You are resistant to electric shocks. (rElec)
You are resistant to unholy torment.
You are immune to petrification.


   Skills:
 - Level 3.2 Fighting
 + Level 3.9 Axes
 - Level 1.1 Throwing
 - Level 3.2 Armour
 - Level 3.2 Shields


You had 3 spell levels left.
You didn't know any spells.
Your spell library was empty.

Inventory:

Hand Weapons
 a - a +0 club
 i - a +0 vampiric war axe (weapon)
Missiles
 f - 6 javelins (quivered)
Armour
 c - a +0 buckler (worn)
 h - a +1 scale mail of fire resistance (worn)
Jewellery
 j - a ring of fire
Scrolls
 b - a scroll of teleportation {unknown}
 e - a scroll of amnesia {unknown}
Potions
 d - a potion of might

Dungeon Overview and Level Annotations

Branches:
Dungeon (2/15)

Altars:


Message History

The gnoll hits you from afar with a +0 halberd.
You slash the dart slug!
You kill the dart slug!
You block the gnoll's attack.
You slash the gnoll!
You feel better.
You kill the gnoll!
The gnoll closely misses you.
You barely miss the gnoll. The gnoll closely misses you.
The gnoll hits you with a +0 flail! You block the gnoll's attack.
The gnoll hits you with a +0 flail.
You barely miss the gnoll. The gnoll hits you but does no damage.
The gnoll barely misses you.
You hit the gnoll.
The gnoll is moderately wounded.
The gnoll hits you but does no damage. The gnoll hits you with a +0 flail.
You closely miss the gnoll.
The gnoll is moderately wounded.
The gnoll closely misses you. The gnoll hits you with a +0 flail.
The gnoll hits you from afar with a +0 halberd.
The gnoll barely misses you.
You closely miss the gnoll.
The gnoll is moderately wounded.
The gnoll hits you from afar with a +0 halberd.
You block the gnoll's attack.
You slash the gnoll!
You kill the gnoll!
The gnoll hits you from afar with a +0 halberd.
The gnoll closely misses you.
Things that are here:
a +0 flail; a +0 club; a gnoll corpse You hit the gnoll.
You feel better.
The gnoll is moderately wounded.
The gnoll closely misses you. The gnoll hits you but does no damage.
You closely miss the gnoll.
The gnoll is moderately wounded.
The gnoll hits you with a +0 halberd.
You closely miss the gnoll.
The gnoll is moderately wounded.
The gnoll closely misses you. The gnoll hits you with a +0 halberd.
You die...

##'###)^# ##8.8##..#
##.))%.##.#
##8.....8###
##.........##
#8?........8###
+...........'.#
#8.........8#.#
##.........##@#
##8.....8##g........
##.....###.########
##8.8## .. ##+## .##
.. ##


You could see a gnoll.

Vanquished Creatures
  3 gnolls
  An adder (D:2)
  A worm (D:2)
  2 dart slugs (D:2)
  3 ball pythons
  3 endoplasms
  3 giant cockroaches
  3 hobgoblins
  10 kobolds
  2 quokkas (D:1)
  6 bats (D:1)
  2 frilled lizards
  3 goblins
  A rat (D:1)
43 creatures vanquished.

Notes
Turn   | Place    | Note
-------+----------+-------------------------------------------
     0 | D:1      | qw the Gargoyle Fighter began the quest for the Orb.
     0 | D:1      | Reached XP level 1. HP: 14/14 MP: 1/1
     0 | D:1      | 0 ||| qw: Version: 0.2-a-17-g06abaee
     0 | D:1      | 0 ||| qw: Game counter: 2265
     0 | D:1      | 0 ||| qw: Always use a shield: true
     0 | D:1      | 0 ||| qw: God list: Okawaru
     0 | D:1      | 0 ||| qw: Allow faded altars: false
     0 | D:1      | 0 ||| qw: Do Orc after D:15 true
     0 | D:1      | 0 ||| qw: Do second Lair branch before Depths: true
     0 | D:1      | 0 ||| qw: Lair rune preference: random
     0 | D:1      | 0 ||| qw: Plans: Normal, Zot:1-4, God:TSO, Crypt, Tomb,
                  | Pan, Slime:5, Hells, Abyss, Orb
     0 | D:1      | 0 ||| PLANNING D:1-11
   155 | D:1      | Reached XP level 2. HP: 19/19 MP: 2/2
   315 | D:1      | 315 ||| Stepping ~*~*~tactically~*~*~ (stealth).
   382 | D:1      | Reached skill level 3 in Axes
   646 | D:1      | Reached XP level 3. HP: 23/23 MP: 3/3
   695 | D:1      | Reached skill level 1 in Throwing
   822 | D:1      | 822 ||| UPGRADING to +1 scale mail of fire resistance.
   832 | D:1      | 832 ||| DROPPING +0 scale mail.
   833 | D:1      | 833 ||| DROPPING ring of magical power.
   834 | D:1      | 834 ||| READING scroll labelled CEEP RIWEHUEKH.
   835 | D:1      | 835 ||| READING scroll labelled MAONLE DISTO.
   836 | D:1      | 836 ||| READING scroll labelled NYAD AHIPAGA.
   837 | D:1      | 837 ||| READING 3 scrolls labelled KOIJ ICERRUA.
   838 | D:1      | 838 ||| READING scroll labelled VYMOES JURACS.
   839 | D:1      | 839 ||| DROPPING 2 scrolls of immolation.
   887 | D:2      | 887 ||| STAIRDANCE
  1110 | D:2      | 1110 ||| Stepping ~*~*~tactically~*~*~ (stealth).
  1143 | D:2      | Reached XP level 4. HP: 28/28 MP: 4/4
  1361 | D:2      | 1361 ||| Stepping ~*~*~tactically~*~*~ (hiding).
  1371 | D:2      | HP: 6/28 [gnoll/+0 halberd (2)]
  1373 | D:2      | HP: 2/28 [gnoll/+0 halberd (2)]
  1377 | D:2      | Slain by a gnoll

Levels and vault maps discovered:
D:1:      nicolae_arrival_somewhat_less_tricky_arrival, layout_basic
D:2:      layout_loops_ring, dk_noncrumbling_4

Skill      XL: |  1  2  3 |
---------------+----------+-----
Axes           | 2 3 |  3.9
Throwing       | 1 |  1.1
Fighting       | |  3.2
Armour         | |  3.2
Shields        | |  3.2

Action                   |  1- 3 |  4- 6 || total
-------------------------+-------+-------++-------
Melee: War axe           |   123 |    20 ||   143
Throw: Javelin           |    31 |     1 ||    32
  Use: Scroll            |     5 |       ||     5
Armor: Scale mail        |    81 |     7 ||    88
Dodge: Dodged            |    83 |    13 ||    96
Block: Buckler           |    38 |     3 ||    41

Table legend:
 A = Non-vault XP
 B = Vault XP
 C = Vault XP percentage of total XP
 D = Non-vault monster count
 E = Vault monster count
 F = Vault count percentage of total count
                 A         B        C        D         E       F
            +---------+---------+-------+---------+---------+-------
      Total |     125 |       0 |   0.0 |      43 |       0 |   0.0
            +---------+---------+-------+---------+---------+-------
        D:1 |      51 |       0 |   0.0 |      25 |       0 |   0.0
        D:2 |      74 |       0 |   0.0 |      18 |       0 |   0.0
            +---------+---------+-------+---------+---------+-------
